 Dungeon Crawl Stone Soup version 0.29.0-4-gdea44cf6ec (webtiles) character file.

Game seed: 3403088370168734203

54 qw the Chopper (level 3, 0/21 HPs)
             Began as a Tengu Warper on Aug 28, 2022.
             Slain by a worm (5 damage)
             ... on level 2 of the Dungeon.
             The game lasted 00:00:07 (1634 turns).

qw the Chopper (Tengu Warper)                       Turns: 1634, Time: 00:00:07

Health: 0/21       AC:  4    Str: 13    XL:     3   Next: 91%
Magic:  7/7        EV: 12    Int: 13    God:
Gold:   41         SH:  0    Dex: 13    Spells: 6/6 levels left

rFire   . . .      SeeInvis .   Y - +0 hand axe
rCold   + . .      Faith    .   (no shield)
rNeg    . . .      Spirit   .   b - +0 leather armour
rPois   .          Reflect  .   (helmet restricted)
rElec   .          Harm     .   (no cloak)
rCorr   .          Rampage  .   g - +0 pair of gloves
Will    .....                   (boots unavailable)
Stlth   +.........              (no amulet)
HPRegen 0.07/turn               e - ring of protection from cold
MPRegen 0.10/turn               (no ring)

@: no status effects
A: beak, talons 3
a: no special abilities


You were on level 2 of the Dungeon.
You visited 1 branch of the dungeon, and saw 2 of its levels.

You collected 41 gold pieces.


Innate Abilities, Weirdness & Mutations

You have a beak for a mouth.
You have claws for feet.


   Skills:
 - Level 2.0 Fighting
 + Level 4.5 Axes
 - Level 1.0 Throwing
 - Level 1.1 Armour
 - Level 2.1 Dodging
 - Level 2.0 Spellcasting
 - Level 2.4 Translocations


You had 6 spell levels left.
You didn't know any spells.
Your spell library contained the following spells:

 Spells                   Type           Power      Damage    Failure   Level
 Blink                    Tloc           14%        N/A       19%         2
 Gell's Gravitas          Tloc           7%         N/A       36%         3
 Lesser Beckoning         Tloc           7%         N/A       36%         3
 Teleport Other           Tloc           7%         N/A       36%         3
 Manifold Assault         Tloc           7%         N/A       98%         5

Inventory:

Hand Weapons
 d - a +0 club
 Y - a +0 hand axe (weapon)
Armour
 b - a +0 leather armour (worn)
 g - a +0 pair of gloves (worn)
Jewellery
 c - a ring of resist corrosion
 e - a ring of protection from cold (left hand)
Scrolls
 a - a scroll of enchant armour {unknown}
Potions
 h - a potion of haste {unknown}
 i - a potion of curing {unknown}

Dungeon Overview and Level Annotations

Branches:
Dungeon (2/15)

Altars:


Message History

The ball python hisses angrily.
Enter note: You hit the ball python.
You kill the ball python!
You see here a ball python corpse.
You enter the shallow water.
Moving in this stuff is going to be slow.
A goblin comes into view. It is wielding a +0 dagger.
The goblin shouts!
You hit the goblin.
You kill the goblin!
A hobgoblin comes into view.
1566 ||| Stepping ~*~*~tactically~*~*~ (stealth).
The hobgoblin shouts!
There is an open door here.
You see here a +0 dagger.
You completely miss the hobgoblin. You claw the hobgoblin.
You peck the hobgoblin.
The hobgoblin is severely wounded.
The hobgoblin hits you. x2
You hit the hobgoblin.
You kill the hobgoblin!
You start resting.
HP restored.
You see here a hobgoblin corpse.
A worm comes into view.
You hit the worm.
The worm is moderately wounded.
You hit the worm. You claw the worm. Your peck misses the worm.
The worm is heavily wounded.
The worm bites you!
You barely miss the worm.
The worm is moderately wounded.
The worm bites you!
You hit the worm but do no damage. You claw the worm, but do no damage.
The worm is moderately wounded.
You hit the worm.
The worm is heavily wounded.
The worm bites you.
You die...

############......
#..........#......
#..........#......
+.........%)......
#..........#...... .
#..........#...... #.~
#..........#......
7..~~##..........#......
#.~.w@.........#......
#.~...################
#~....# #.....# #.....#
#.....# ......# #.......


You could see a worm.

Vanquished Creatures
  An adder (D:2)
  A worm (D:2)
  3 dart slugs (D:1)
  5 bats
  An endoplasm (D:1)
  2 giant cockroaches
  6 goblins
  A hobgoblin (D:2)
  4 jackals (D:1)
  A quokka (D:1)
  5 ball pythons
  A kobold (D:1)
  4 rats
35 creatures vanquished.

Vanquished Creatures (others)
  A plant (D:1)
1 creature vanquished.

Grand Total: 36 creatures vanquished

Notes
Turn   | Place    | Note
-------+----------+-------------------------------------------
     0 | D:1      | qw the Tengu Warper began the quest for the Orb.
     0 | D:1      | Reached XP level 1. HP: 12/12 MP: 4/4
     0 | D:1      | 0 ||| qw: Version: 0.1-a-89-g26bdef1
     0 | D:1      | 0 ||| qw: Game counter: 1485
     0 | D:1      | 0 ||| qw: Always use a shield: true
     0 | D:1      | 0 ||| qw: God list: Okawaru
     0 | D:1      | 0 ||| qw: Allow faded altars: false
     0 | D:1      | 0 ||| qw: Do Orc after D:15 true
     0 | D:1      | 0 ||| qw: Do second Lair branch before Depths: true
     0 | D:1      | 0 ||| qw: Lair rune preference: random
     0 | D:1      | 0 ||| qw: Plans: Normal
     0 | D:1      | 0 ||| PLANNING D:1-11
   137 | D:1      | Reached XP level 2. HP: 13/17 MP: 6/6
   141 | D:1      | Reached skill level 3 in Axes
   463 | D:1      | Found a faded altar of an unknown god.
   580 | D:1      | Reached XP level 3. HP: 17/21 MP: 7/7
   655 | D:1      | 655 ||| Stepping ~*~*~tactically~*~*~ (hiding).
   757 | D:1      | 757 ||| Stepping ~*~*~tactically~*~*~ (hiding).
   859 | D:1      | 859 ||| Stepping ~*~*~tactically~*~*~ (hiding).
   860 | D:1      | 860 ||| Stepping ~*~*~tactically~*~*~ (hiding).
   995 | D:1      | Reached skill level 4 in Axes
  1202 | D:1      | 1202 ||| UPGRADING to +0 pair of gloves.
  1207 | D:1      | 1207 ||| UPGRADING to ring of protection from cold.
  1208 | D:1      | 1208 ||| READING scroll labelled CAKILI SOLLUSA.
  1212 | D:1      | 1212 ||| READING scroll labelled FIPEM WENUTAITH.
  1213 | D:1      | 1213 ||| DROPPING scroll of blinking.
  1317 | D:2      | 1317 ||| Stepping ~*~*~tactically~*~*~ (stealth).
  1318 | D:2      | 1318 ||| Stepping ~*~*~tactically~*~*~ (stealth).
  1319 | D:2      | 1319 ||| Stepping ~*~*~tactically~*~*~ (stealth).
  1320 | D:2      | 1320 ||| Stepping ~*~*~tactically~*~*~ (stealth).
  1566 | D:2      | 1566 ||| Stepping ~*~*~tactically~*~*~ (stealth).
  1632 | D:2      | HP: 5/21 [worm (8)]
  1634 | D:2      | Slain by a worm

Levels and vault maps discovered:
D:1:      ncdulo_halloftheorcs, layout_loops_ring,
          shapermc_ecumenical_altar_mp_urbaneastern, st_stairs_3
D:2:      layout_basic, serial_shops, nicolae_shop_trees, serial_rivers,
          chequers_serial_rivers_micro_c, chequers_serial_rivers_small_3,
          chequers_serial_rivers_marsh, chequers_serial_rivers_large_b,
          chequers_serial_rivers_micro_b, chequers_serial_rivers_marsh

Skill      XL: |  1  2  3 |
---------------+----------+-----
Axes           | 3 4 |  4.5
Fighting       | |  2.0
Throwing       | |  1.0
Armour         | |  1.1
Dodging        | |  2.1
Spellcasting   | |  2.0
Translocations | |  2.4

Action                   || total
-------------------------++-------
Melee: Hand axe          ||    80
       Kick              ||    19
       Peck              ||    11
Throw: Boomerang         ||     7
  Use: Scroll            ||     2
Armor: Leather armour    ||    13
Dodge: Dodged            ||    43

Table legend:
 A = Non-vault XP
 B = Vault XP
 C = Vault XP percentage of total XP
 D = Non-vault monster count
 E = Vault monster count
 F = Vault count percentage of total count
                 A         B        C        D         E       F
            +---------+---------+-------+---------+---------+-------
      Total |      75 |       3 |   3.8 |      33 |       2 |   5.7
            +---------+---------+-------+---------+---------+-------
        D:1 |      45 |       3 |   6.2 |      23 |       2 |   8.0
        D:2 |      30 |       0 |   0.0 |      10 |       0 |   0.0
            +---------+---------+-------+---------+---------+-------
